 Dungeon Crawl Stone Soup version 0.29-a0-757-g358383bc75 (webtiles) character file.

Game seed: 1897653586386648695

1544435 Zappman123 the Hoplite (level 27, 181/231 HPs)
             Began as a Formicid Fighter on June 30, 2022.
             Was a High Priest of Okawaru.
             Escaped with the Orb
             ... and 3 runes!
             The game lasted 02:58:31 (83398 turns).

Zappman123 the Hoplite (Formicid Fighter)          Turns: 83398, Time: 02:58:32

Health: 181/231    AC: 45    Str: 27    XL:     27
Magic:  31/32      EV: 21    Int: 16    God:    Okawaru [*****.]
Gold:   2989       SH: 31    Dex: 20    Spells: 26/26 levels left

rFire   + + .      SeeInvis +   b - +9 great mace (vorpal)
rCold   + + .      Faith    +   t - +7 tower shield {AC+3}
rNeg    + . .      Spirit   .   y - +6 plate armour "Yklo" {rElec rCorr}
rPois   .          Reflect  .   (helmet unavailable)
rElec   +          Harm     .   C - +2 cloak {Will+}
rCorr   +          Rampage  ∞   g - +1 pair of gloves of Fedhas's Hope {rC+ Str+3}
Will    +++..                   O - +3 pair of seven-league boots {Rampage+∞}
Stlth   ..........              r - amulet of faith
HPRegen 0.48/turn               f - ring "Ocikut" {rF+ rN+ AC+4 Str-3 Int+3}
MPRegen 0.23/turn               x - ring "Adduarph" {Fly rF+}

@: finesse-ful, flying, studying 2 skills
A: permanent stasis, dig shafts and tunnels, antennae 3, four strong arms, agile
1, clever 1, cold resistance 1, deterioration 1, low MP 1
0: Orb of Zot
}: 3/15 runes: decaying, silver, gossamer
a: Dig, Shaft Self, Renounce Religion, Heroism, Finesse, Duel


You escaped.
You worshipped Okawaru.
Okawaru was extremely pleased with you.
You visited 10 branches of the dungeon, and saw 51 of its levels.
You visited the Abyss 1 time.
You visited 1 bazaar.
You also visited: Volcano.

You collected 7886 gold pieces.
You spent 4897 gold pieces at shops.

Inventory:

Hand Weapons
 a - the +6 demon whip of Destruction {vamp, rN+ Int+3}
   (Okawaru gifted it to you on level 13 of the Dungeon)

   It occasionally heals its wielder for a portion of the damage dealt when it
   wounds a living foe.
   Int:       It affects your intelligence (+3).
   rN:        It protects you from negative energy.
 b - a +9 vorpal great mace (weapon)
 c - the +6 dire flail "Ymaptug" {elec, Will+ Str+4}
   (You bought it in a shop in a bazaar)

   It occasionally discharges a powerful burst of electricity upon striking a
   foe.
   Str:       It affects your strength (+4).
   Will:      It increases your willpower.
 J - the +6 morningstar of Radicalism {freeze, +Blink}
   (Okawaru gifted it to you on level 1 of the Lair of Beasts)

   It freezes those it strikes, dealing additional cold damage.
   It can also slow down cold-blooded creatures.
   +Blink:    It lets you blink.
Missiles
 o - 7 boomerangs of dispersal
 F - 19 curare-tipped darts
 T - 3 throwing nets (quivered)
Armour
 g - the +1 pair of gloves of Fedhas's Hope (worn) {rC+ Str+3}
   (You found it on level 4 of the Spider Nest)

   Str:       It affects your strength (+3).
   rC:        It protects you from cold.
 t - a +7 tower shield of protection (worn)
 y - the +6 plate armour "Yklo" (worn) {rElec rCorr}
   (You bought it in a shop on level 1 of the Dungeon)

   rElec:     It insulates you from electricity.
   rCorr:     It protects you from acid and corrosion.
 C - a +2 cloak of willpower (worn)
 O - the +3 pair of seven-league boots (worn) {Rampage+∞}
   (You found it on level 2 of the Lair of Beasts)

   Its wearer moves as far as possible in that direction when moving towards
   enemies.
Jewellery
 f - the ring "Ocikut" (left hand) {rF+ rN+ AC+4 Str-3 Int+3}
   (You found it on level 3 of the Depths)

   [ring of protection]

   AC:        It affects your AC (+4).
   Str:       It affects your strength (-3).
   Int:       It affects your intelligence (+3).
   rF:        It protects you from fire.
   rN:        It protects you from negative energy.
 r - an amulet of faith (around neck)
 x - the ring "Adduarph" (right hand) {Fly rF+}
   (You bought it in a shop on level 1 of the Dungeon)

   [ring of flight]

   rF:        It protects you from fire.
   Fly:       It grants you flight.
Wands
 A - a wand of acid (3)
 E - a wand of paralysis (56)
 K - a wand of iceblast (42)
 P - a wand of polymorph (37)
 Q - a wand of digging (21)
 V - a wand of mindburst (35)
Scrolls
 h - 8 scrolls of vulnerability
 n - 12 scrolls of immolation
 p - 8 scrolls of magic mapping
 q - 7 scrolls of amnesia
 v - 8 scrolls of fear
 D - 8 scrolls of poison
 G - 5 scrolls of enchant armour
 M - 2 scrolls of torment
 R - 2 scrolls of brand weapon
 W - 2 scrolls of enchant weapon
 Y - 6 scrolls of fog
Potions
 d - 3 potions of might
 w - 11 potions of ambrosia
 B - 15 potions of curing
 I - 9 potions of magic
 L - 5 potions of cancellation
 N - 5 potions of mutation
 S - 6 potions of heal wounds
 U - 6 potions of lignification
 Z - a potion of invisibility
Miscellaneous
 j - a lightning rod (4/4)
 k - a tin of tremorstones (2/2)
 m - a condenser vane
 z - a phial of floods (inert)


   Skills:
 - Level 22.0 Fighting
 - Level 22.0 Maces & Flails
 - Level 22.0 Armour
 - Level 22.0 Dodging
 - Level 22.0 Shields
 - Level 18.0 Invocations
 + Level 17.6 Evocations


You had 26 spell levels left.
You didn't know any spells.
Your spell library contained the following spells:

 Spells                   Type           Power      Damage    Failure   Level
 Apportation              Tloc           0%         N/A       83%         1
 Foxfire                  Conj/Fire      0%         2x1d4     83%         1
 Freeze                   Ice            0%         1d3       83%         1
 Magic Dart               Conj           0%         1d3       83%         1
 Necrotize                Necr           0%         1d4       83%         1
 Sandblast                Erth           0%         2d4       83%         1
 Shock                    Conj/Air       0%         1d3       83%         1
 Slow                     Hex            0%         N/A       83%         1
 Passwall                 Tmut/Erth      0%         N/A       93%         2
 Searing Ray              Conj           0%         2d4       93%         2
 Static Discharge         Conj/Air       0%         N/A       93%         2
 Sublimation of Blood     Necr           0%         N/A       93%         2
 Wereblood                Tmut           0%         N/A       93%         2
 Confusing Touch          Hex            0%         N/A       99%         3
 Conjure Flame            Conj/Fire      0%         6-21      99%         3
 Dazzling Flash           Conj/Hex       0%         N/A       99%         3
 Frozen Ramparts          Ice            0%         1d2       99%         3
 Ignite Poison            Fire/Tmut/Pois 0%         N/A       99%         3
 Inner Flame              Hex/Fire       0%         N/A       99%         3
 Mephitic Cloud           Conj/Pois/Air  0%         N/A       99%         3
 Spider Form              Tmut/Pois      0%         N/A       99%         3
 Stone Arrow              Conj/Erth      0%         3d7       99%         3
 Vampiric Draining        Necr           0%         2d6       99%         3
 Airstrike                Air            0%         N/A       100%        4
 Anguish                  Hex/Necr       0%         N/A       100%        4
 Cause Fear               Hex            0%         N/A       100%        4
 Corpse Rot               Necr/Pois/Air  0%         N/A       100%        4
 Dispel Undead            Necr           0%         3d6       100%        4
 Flame Wave               Conj/Fire      0%         2d4       100%        4
 Fulminant Prism          Conj/Hex       0%         3d6       100%        4
 Hailstorm                Conj/Ice       0%         3d3       100%        4
 Ice Form                 Ice/Tmut       0%         N/A       100%        4
 Iskenderun's Mystic Bla  Conj/Tloc      0%         2d3       100%        4
 Olgreb's Toxic Radiance  Pois           0%         N/A       100%        4
 Passage of Golubria      Tloc           0%         N/A       100%        4
 Petrify                  Tmut/Erth      0%         N/A       100%        4
 Sticky Flame             Conj/Fire      0%         2d3       100%        4
 Agony                    Necr           0%         N/A       100%        5
 Alistair's Intoxication  Tmut/Pois      0%         N/A       100%        5
 Blade Hands              Tmut           0%         N/A       100%        5
 Fireball                 Conj/Fire      0%         3d3       100%        5
 Freezing Cloud           Conj/Ice/Air   0%         6-21      100%        5
 Iskenderun's Battlesphe  Conj           0%         2d6       100%        5
 Lightning Bolt           Conj/Air       0%         1d11      100%        5
 Manifold Assault         Tloc           0%         N/A       100%        5
 Metabolic Englaciation   Hex/Ice        0%         N/A       100%        5
 Yara's Violent Unravell  Hex/Tmut       0%         3d3       100%        5
 Conjure Ball Lightning   Conj/Air       0%         3x3d6     100%        6
 Iron Shot                Conj/Erth      0%         9d1       100%        6
 Starburst                Conj/Fire      0%         6d3       100%        6
 Statue Form              Tmut/Erth      0%         N/A       100%        6
 Dragon Form              Tmut           0%         N/A       100%        7
 Enfeeble                 Hex            0%         N/A       100%        7
 Orb of Destruction       Conj           0%         9d5       100%        7
 Ozocubu's Refrigeration  Ice            0%         4d5       100%        7
 Storm Form               Tmut/Air       0%         N/A       100%        7
 Borgnjor's Revivificati  Necr           0%         N/A       100%        8
 Ignition                 Fire           0%         3d3       100%        8
 Maxwell's Capacitive Co  Air            0%         ∞         100%        8
 Necromutation            Tmut/Necr      0%         N/A       100%        8
 Chain Lightning          Conj/Air       0%         N/A       100%        9
 Death's Door             Necr           0%         N/A       100%        9
 Fire Storm               Conj/Fire      0%         5d1       100%        9
 Shatter                  Erth           0%         3d5*      100%        9
 Blink                    Tloc           Unusable   N/A       N/A         2
 Call Imp                 Summ           Unusable   N/A       N/A         2
 Summon Guardian Golem    Hex/Summ       Unusable   N/A       N/A         3
 Tukima's Dance           Hex            Unusable   N/A       N/A         3
 Animate Armour           Summ/Erth      Unusable   N/A       N/A         4
 Summon Ice Beast         Ice/Summ       Unusable   N/A       N/A         4
 Summon Lightning Spire   Summ/Air       Unusable   N/A       N/A         4
 Summon Mana Viper        Hex/Summ       Unusable   N/A       N/A         5
 Death Channel            Necr           Unusable   N/A       N/A         6
 Simulacrum               Ice/Necr       Unusable   N/A       N/A         6
 Summon Cactus Giant      Summ           Unusable   N/A       N/A         6
 Haunt                    Necr/Summ      Unusable   N/A       N/A         7
 Malign Gateway           Summ/Tloc      Unusable   N/A       N/A         7
 Spellforged Servitor     Conj/Summ      Unusable   N/A       N/A         7
 Summon Hydra             Summ           Unusable   N/A       N/A         7
 Dragon's Call            Summ           Unusable   N/A       N/A         9

Dungeon Overview and Level Annotations

Branches:
Dungeon (15/15)            Temple (0/1) D:5            Lair (6/6) D:11
  Swamp (4/4) Lair:4       Spider (4/4) Lair:2        Slime (0/5) Lair:6
    Orc (2/2) D:9             Elf (3/3) Orc:2        Vaults (5/5) D:14
  Crypt (3/3) Vaults:2       Tomb (0/3) Crypt:3      Depths (4/4) D:15
    Zot (5/5) Depths:4    Volcano (visited)

Altars:
Ashenzari
Elyvilon
Fedhas
Gozag
Kikubaaqudgha
Okawaru
Ru
Sif Muna
Trog
Uskayaw
Vehumet
Wu Jian
Xom
Yredelemnul
The Shining One
Jiyva

Shops:
D:1 =[[[   D:5 [   D:6 [   Orc:2 !!([   Elf:1 *   Elf:3 *   Vaults:4 ([[
Vaults:5 *   Depths:4 (

Portals:
Hell: Depths:1 Depths:2 Depths:3 Depths:4
Abyss: Depths:3
Pandemonium: Depths:2 Depths:4
Ziggurat: Depths:1
Trove: Depths:4 (show abyssal rune of Zot)

Annotations:
Zot:4 16 runed doors
Zot:5 1 runed translucent door, exclusion: 2 upstairs, Iruirgha's ghost, veteran OpFi


Innate Abilities, Weirdness & Mutations

You cannot be hasted, slowed, berserked, paralysed or teleported.
You can dig through walls and to a lower floor.
You have a pair of large antennae on your head. (SInv)
Your four strong arms can wield two-handed weapons with a shield.
You are agile. (Dex +4, Str/Int -1)
Your mind is acute. (Int +4, Str/Dex -1)
Your flesh is cold resistant. (rC+)
Your body sometimes deteriorates upon taking damage.
Your magical capacity is low. (-10% MP)


Message History

Unknown command.
You fly downwards.
There is a stone staircase leading up here.
The ice devil attacks as you move away! You block the ice devil's attack.
Aiming: Dig
Press: ? - help, Shift-Dir - straight line A rock wall.
This square is covered in magical glow.
The rock shatters into small pieces.
You block the ice devil's attack. The ice devil attacks as you move away!
You block the ice devil's attack. The ice devil attacks as you move away!
You block the ice devil's attack. The ice devil attacks as you move away!
The ice devil completely misses you. The ice devil attacks as you move away!
You block the ice devil's attack.
You bludgeon the ice devil!!
The ice devil is almost dead.
You block the ice devil's attack.
You bludgeon the ice devil!!
You kill the ice devil!
Okawaru accepts your kill.
There is a stone staircase leading up here.
You fly upwards.
There is a stone staircase leading down here.
Unknown command.
You reach down and open the door.
An Orb Guardian comes into view.
You can now deal lightning-fast blows.
You stride towards the Orb Guardian!
You pound the Orb Guardian like an anvil!!!
The Orb Guardian is heavily wounded.
You block the Orb Guardian's attack.
You barely miss the Orb Guardian.
The Orb Guardian is heavily wounded.
You hammer the Orb Guardian like a gong!!!
You kill the Orb Guardian!
Okawaru accepts your kill.
You feel like a meek peon again.
There is a staircase leading out of the dungeon here.
You can't go down here!
Unknown command.
You have escaped!

#≈≈≈≈≈≈≈≈≈≈≈≈≈#
##
#≈≈≈≈≈≈≈≈≈≈≈≈≈#
#≈≈≈≈≈≈≈≈≈≈≈≈≈#
#≈≈≈≈≈≈≈≈≈≈≈≈≈#
#≈≈≈≈≈≈≈≈≈≈≈≈≈#
#≈≈≈≈≈≈≈≈≈≈≈≈≈#
#≈≈≈≈≈≈≈≈≈≈≈≈≈#
#≈≈≈≈≈...≈≈≈≈≈#
#≈≈≈≈..@..≈≈≈≈#
#≈≈≈≈≈...≈≈≈≈≈#
#≈≈≈≈≈≈≈≈≈≈≈≈≈#
#≈≈≈≈≈≈≈≈≈≈≈≈≈#
#≈≈≈≈≈≈≈≈≈≈≈≈≈#
#≈≈≈≈≈≈≈≈≈≈≈≈≈#
###############


There were no monsters in sight!

Vanquished Creatures
  3 dread liches
  4 ancient liches
  3 orbs of fire
  A pandemonium lord (D:9)
  2 juggernauts
  Sojobo (Vaults:2)
  Vv (Crypt:3)
  Bai Suzhen (Vaults:4)
  the Lernaean hydra (Swamp:4)
  Margery (Vaults:2)
  3 Killer Klowns (Zot:5)
  2 curse toes
  Saint Roka (Depths:3)
  10 caustic shrikes
  4 golden dragons (Depths:3)
  Nikola (Spider:4)
  Arachne (Spider:3)
  2 bone dragons
  2 doom hounds
  An electric golem (Zot:5)
  A shard shrike zombie (Abyss:3)
  Jorgrun (Lair:2)
  Asterion (Depths:2)
  8 tentacled monstrosities
  23 Orb Guardians
  7 titans
  A quicksilver dragon (Vaults:5)
  Grunn (Crypt:3)
  5 deep elf master archers (Elf:3)
  6 liches
  2 walking frostbound tomes
  3 deep elf blademasters
  An Executioner (Zot:5)
  7 ancient champions
  2 acid blobs (D:14)
  Frances (Spider:2)
  6 sphinxes
  Gastronok (D:9)
  3 tentacled starspawn (Abyss:3)
  4 death cobs
  11 storm dragons
  Roxanne (D:15)
  9 shadow dragons
  12 tengu reavers
  A draconian monk (Zot:5)
  A revenant (Crypt:2)
  4 draconian knights
  11 frost giants
  2 draconian scorchers
  11 deep elf sorcerers
  3 orc warlords
  17 vault wardens
  An iron dragon (Depths:1)
  9 ghost moths
  13 fire giants
  5 emperor scorpions
  Aizul (Depths:2)
  A balrug (D:15)
  A cacodemon (D:15)
  4 draconian shifters
  4 curse skulls
  5 ghouls
  7 deep elf elementalists
  3 draconian stormcallers
  Louise (Spider:3)
  20 very ugly things
  3 draconian annihilators
  2 war gargoyles
  4 broodmothers
  21 ironbound preservers
  A caustic shrike skeleton (Crypt:2)
  3 reapers
  4 spriggan defenders
  A quicksilver ooze (D:14)
  29 stone giants
  10 ironbound thunderhulks
  16 vampire knights
  A starcursed mass (Abyss:3)
  5 deep elf demonologists
  5 purple draconians
  The ghost of NoAnimeNoLife the Spear-Bearer, a journeyman FoFi of Gozag (D:14)
  4 green draconians
  9 entropy weavers
  6 red draconians
  3 lorocyprocas
  6 dire elephants
  2 putrid mouths (Crypt:3)
  4 white draconians
  4 bunyips
  4 eleionomae
  7 black draconians
  12 spark wasps
  2 yellow draconians (Zot:5)
  3 eidola
  9 deep elf annihilators
  3 blizzard demons
  16 fire dragons
  10 deep elf death magi
  A green death (D:3)
  13 ettins
  11 jiangshi
  A merfolk impaler (Abyss:3)
  A crystal guardian (Vaults:4)
  Harold (Orc:1)
  5 deep elf high priests
  Josephine (Orc:1)
  31 vault guards
  11 boulder beetles
  6 great orbs of eyes
  A shambling mangrove (Swamp:3)
  5 rakshasas
  A great orb of eyes (shapeshifter) (D:10)
  12 ice dragons
  21 hydras
  12 ogre magi
  The ghost of Ogauff the Unseen, a journeyman FeFi of Okawaru (Swamp:1)
  A hell beast (Depths:2)
  A jorogumo (Spider:3)
  13 yaktaur captains
  7 spriggan air magi
  6 radroaches
  5 peacekeepers
  22 centaur warriors
  A ghost crab (Swamp:1)
  A spriggan skeleton (Crypt:3)
  5 alligators
  6 ironbound frosthearts
  A radroach (shapeshifter) (Vaults:5)
  A catoblepas (Lair:6)
  4 death knights
  36 dancing weapons
  A merfolk avatar (Arena)
  6 deep troll shamans
  A bennu zombie (Crypt:2)
  12 vampire magi
  A hell hog (Volcano)
  15 deep troll earth magi
  3 sun demons
  6 spriggan berserkers
  32 two-headed ogres
  An orc high priest (D:10)
  Urug (Lair:5)
  15 deep elf knights
  4 tengu warriors
  A titan zombie (Crypt:2)
  10 hell knights
  5 spriggans
  4 soul eaters
  A fire crab (Lair:6)
  A wretched star (Abyss:3)
  5 iron trolls
  A fire crab (shapeshifter) (Depths:4)
  5 large abominations
  33 skeletal warriors
  3 sun moths
  A sixfirhy (D:15)
  The ghost of qborf the Cleaver, a novice FoCK of Xom (D:7)
  3 goliath frogs
  11 pharaoh ants
  2 storm dragon skeletons (Crypt:1)
  A spatial maelstrom (Abyss:3)
  Lodul (D:10)
  A deep troll (shapeshifter) (Vaults:5)
  4 deep elf archers
  29 deep trolls
  5 bog bodies
  A steelbarb worm (shapeshifter) (Depths:2)
  4 glowing orange brains
  12 swamp dragons
  10 orb spiders
  7 flayed ghosts
  A golden dragon zombie (Crypt:1)
  4 wizards
  7 steelbarb worms
  A spriggan simulacrum (Abyss:3)
  21 ironbound convokers
  5 phantasmal warriors
  5 lindwurms
  36 deep elf zephyrmancers
  Pikel (D:7)
  2 obsidian statues
  6 orc knights
  2 harpies
  10 necromancers
  39 deep elf pyromancers
  A fire giant zombie (Crypt:1)
  A shadow dragon skeleton (Crypt:3)
  25 wolf spiders
  35 ugly things
  6 cyclopes
  6 orc sorcerers
  4 manticores
  13 moths of wrath
  2 worldbinders (Abyss:3)
  3 will-o-the-wisps
  6 elephants
  An apocalypse crab (Abyss:3)
  15 vault sentinels
  4 black mambas
  2 naga zombies (Crypt:3)
  A guardian serpent (Lair:2)
  3 orange demons
  A rust devil (D:9)
  2 centaur zombies
  A gargoyle (D:12)
  2 smoke demons
  8 cane toads
  An eye of devastation (D:14)
  5 torpor snails
  8 demonic crawlers
  An efreet (D:15)
  A pale draconian zombie (Crypt:1)
  A hellion (D:2)
  2 centaur skeletons (Crypt:3)
  A dire elephant skeleton (Crypt:1)
  38 yaktaurs
  7 freezing wraiths
  7 rime drakes
  8 komodo dragons
  A pale draconian skeleton (Crypt:3)
  A white draconian skeleton (Crypt:3)
  A red devil (Zot:3)
  An anaconda simulacrum (Abyss:3)
  3 ice devils
  6 tengu conjurers
  An ancient zyme (Abyss:3)
  3 hellwings
  6 meliai
  An alligator snapping turtle skeleton (Crypt:3)
  2 queen bees (shapeshifter) (D:12)
  29 tarantellas
  10 trolls
  8 tyrant leeches
  A hornet (shapeshifter) (D:15)
  2 wind drakes (Lair:6)
  A moth of wrath zombie (Crypt:2)
  Prince Ribbit (D:5)
  A silent spectre (Orc:1)
  17 hornets
  A harpy skeleton (Crypt:3)
  11 blink frogs
  33 slime creatures
  A blink frog (shapeshifter) (Vaults:5)
  2 raiju (Abyss:3)
  2 merfolk skeletons
  22 jumping spiders
  2 snapping turtles (Lair:6)
  Sigmund (D:2)
  21 culicivoras
  9 flying skulls
  A vampire (D:12)
  3 ynoxinuls
  4 air elementals
  6 wraiths
  3 water elementals
  An elf skeleton (Vaults:3)
  2 shadows
  34 yaks
  An ettin skeleton (Crypt:2)
  A basilisk (Lair:2)
  3 fire elementals
  19 fire bats (Volcano)
  2 steam dragons
  52 redbacks
  5 wyverns
  2 chaos spawn (Abyss:3)
  9 vampire mosquitoes
  3 small abominations (Abyss:3)
  A harpy simulacrum (Crypt:3)
  3 neqoxecs
  2 wargs
  2 glowing shapeshifter zombies
  3 acid dragons
  A warg (shapeshifter) (Depths:3)
  17 swamp worms
  Duvessa (D:4)
  A naga skeleton (Crypt:3)
  19 water moccasins
  A floating eye (Depths:3)
  A two-headed ogre skeleton (Crypt:2)
  8 swamp drakes
  17 orc warriors
  39 ogres
  4 black bears
  2 ice beasts
  A swamp dragon zombie (Crypt:2)
  14 wolves
  19 centaurs
  A blink frog zombie (Crypt:1)
  A shining eye zombie (Crypt:3)
  2 human skeletons (Vaults:3)
  2 phantoms (D:5)
  2 kobold brigands
  A fire crab zombie (Crypt:1)
  13 bullfrogs
  A gnoll sergeant (D:7)
  4 scorpions
  4 necrophages
  2 earth elementals (Elf:2)
  12 wights
  Dowan (D:4)
  A polar bear zombie (Crypt:1)
  2 troll zombies
  10 killer bees
  10 howler monkeys
  A polar bear skeleton (Crypt:1)
  6 electric eels
  A wolf zombie (Crypt:2)
  7 lava snakes (Volcano)
  2 jellies
  A quasit (Abyss:3)
  A bullfrog skeleton (Crypt:3)
  11 hounds
  9 orc priests
  4 gnoll shamans
  Ijyb (D:3)
  3 iguanas
  14 orc wizards
  4 hell rats (Lair:3)
  34 gnolls
  8 adders
  A shadow imp (D:5)
  4 ufetubi
  2 worms
  A dart slug (D:4)
  89 orcs
  14 ball pythons
  6 bats
  7 endoplasms
  2 giant cockroaches
  6 goblins
  10 hobgoblins
  10 jackals
  50 kobolds
  5 quokkas
  2 frilled lizards
  A goblin zombie (Crypt:1)
  A kobold zombie (Crypt:3)
  4 rats
2263 creatures vanquished.

Vanquished Creatures (others)
  A ghost moth (Spider:4)
  A purple draconian (Zot:2)
  A deep elf archer (Elf:3)
  A deep elf zephyrmancer (Elf:1)
  An ugly thing (Depths:2)
  A bunyip simulacrum (Abyss:3)
  An orc warrior (Depths:3)
  An ogre (Vaults:5)
  2 demonic plants (D:1)
  10 foxfires
  13 fungi
  A lurking horror (Abyss:3)
  44 plants
  8 starspawn tentacles (Abyss:3)
86 creatures vanquished.

Grand Total: 2349 creatures vanquished

Notes
Turn   | Place    | Note
-------+----------+-------------------------------------------
     0 | D:1      | Zappman123 the Formicid Fighter began the quest for the
                  | Orb.
     0 | D:1      | Reached XP level 1. HP: 18/18 MP: 1/1
   101 | D:1      | Found Edeiwici's Armour Emporium.
   133 | D:1      | Reached XP level 2. HP: 24/24 MP: 2/2
   186 | D:1      | Found Cehonofa's Antique Armour Shoppe.
   259 | D:1      | Reached XP level 3. HP: 24/29 MP: 3/3
   426 | D:1      | Found a faded altar of an unknown god.
   473 | D:1      | Found Caomn's Jewellery Boutique.
   596 | D:1      | Found Gigiagh's Antique Armour Emporium.
   934 | D:2      | Reached XP level 4. HP: 33/35 MP: 4/4
  1263 | D:2      | Noticed Sigmund
  1272 | D:2      | Killed Sigmund
  1273 | D:2      | Reached skill level 5 in Maces & Flails
  1273 | D:2      | Reached XP level 5. HP: 34/43 MP: 5/5
  1273 | D:2      | Reached XP level 6. HP: 39/49 MP: 6/6
  1550 | D:3      | Noticed Ijyb
  1553 | D:2      | Gained mutation: Your flesh is cold resistant. (rC+)
                  | [potion of mutation]
  1553 | D:2      | Gained mutation: Armour fits poorly on your strangely
                  | shaped body. [potion of mutation]
  1553 | D:2      | Gained mutation: Your system is resistant to poisons.
                  | (rPois) [potion of mutation]
  1574 | D:3      | Killed Ijyb
  1635 | D:2      | Reached skill level 5 in Fighting
  2151 | D:3      | Found an iron altar of Okawaru.
  2185 | D:3      | Became a worshipper of Warmaster Okawaru
  2572 | D:3      | Reached XP level 7. HP: 56/56 MP: 7/7
  2857 | D:3      | HP: 5/57 [gnoll/+0 spear (9)]
  4678 | D:4      | Reached XP level 8. HP: 55/65 MP: 8/8
  5202 | D:4      | Noticed Dowan
  5204 | D:4      | Noticed Duvessa
  5214 | D:4      | Killed Duvessa
  5214 | D:4      | Reached * piety under Okawaru
  5217 | D:4      | Killed Dowan
  5218 | D:4      | Reached skill level 1 in Invocations
  5678 | D:5      | Entered Level 5 of the Dungeon
  6203 | D:5      | Reached skill level 5 in Shields
  6345 | D:5      | Found Suomied's Antique Armour Shoppe.
  6461 | D:5      | Reached XP level 9. HP: 15/72 MP: 9/11
  6827 | D:5      | Reached ** piety under Okawaru
  7465 | D:5      | Noticed Prince Ribbit
  7484 | D:5      | Killed Prince Ribbit
  7485 | D:5      | Reached skill level 5 in Armour
  7500 | D:5      | Found a staircase to the Ecumenical Temple.
  7576 | D:5      | Identified the +0 leather armour "Uhahis" {Str+5 Int-4}
  7643 | D:6      | Reached *** piety under Okawaru
  7819 | D:6      | Found Rodeomnead's Armour Boutique.
  8193 | D:6      | Reached skill level 1 in Dodging
  8852 | D:6      | Bought a +1 pair of gloves of strength for 214 gold pieces
  9257 | D:7      | Reached XP level 10. HP: 67/80 MP: 13/13
  9347 | D:7      | Found a hide-covered altar of Uskayaw.
  9362 | D:7      | Found a bloodstained altar of Trog.
  9367 | D:7      | Found an ornate altar of the Wu Jian Council.
 10009 | D:7      | Found a runed translucent door.
 10009 | D:7      | Found a shimmering altar of Xom.
 10009 | D:7      | Noticed qborf's ghost (novice FoCK)
 10009 | D:7      | Noticed a +2 dagger of chaos
 10292 | D:8      | Reached **** piety under Okawaru
 10293 | D:8      | Reached skill level 5 in Dodging
 10513 | D:8      | Found a broken altar of Ashenzari.
 10514 | D:8      | Found a white marble altar of Elyvilon.
 10809 | D:8      | Noticed Pikel
 10917 | D:7      | Killed Pikel
 11362 | D:9      | Found an opulent altar of Gozag.
 12099 | D:9      | Noticed Gastronok
 12110 | D:9      | Reached ***** piety under Okawaru
 12352 | D:9      | Reached skill level 10 in Maces & Flails
 12513 | D:9      | Found a shimmering blue altar of Sif Muna.
 12840 | D:9      | Noticed a two-headed ogre
 12854 | D:9      | Killed a two-headed ogre
 12855 | D:9      | Reached XP level 11. HP: 38/89 MP: 11/14
 13107 | D:9      | Killed Gastronok
 13107 | D:9      | Identified the +2 robe of Miawkuh {rF++ rC+ rN+++} (Okawaru
                  | gifted it to you on level 9 of the Dungeon)
 13107 | D:9      | Received a gift from Okawaru
 13108 | D:9      | Reached skill level 10 in Fighting
 13751 | D:9      | Found a staircase to the Orcish Mines.
 14042 | D:1      | Bought a steaming ring mail for 234 gold pieces
 14042 | D:1      | Identified the +1 ring mail of Nice Life {Drain rElec rPois
                  | Dex-4} (You bought it in a shop on level 1 of the Dungeon)
 14269 | D:10     | Entered Level 10 of the Dungeon
 14505 | D:10     | Noticed a wolf spider
 14513 | D:10     | Killed a wolf spider
 14514 | D:10     | Noticed a centaur warrior
 14537 | D:10     | Killed a centaur warrior
 14538 | D:10     | Reached skill level 5 in Invocations
 14538 | D:10     | Noticed a cyclops
 14538 | D:10     | Noticed a centaur warrior
 14785 | D:10     | Found a transporter.
 14785 | D:10     | Noticed a two-headed ogre
 14786 | D:10     | Noticed an orc high priest
 14787 | D:10     | Found a transporter.
 14791 | D:10     | Found a radiant altar of Vehumet.
 14791 | D:10     | Found a blossoming altar of Fedhas.
 14917 | D:10     | Noticed Lodul
 14994 | D:10     | Killed Lodul
 15410 | D:9      | Killed a centaur warrior
 15657 | D:10     | Noticed a death drake
 15659 | D:10     | Noticed a cyclops
 15659 | D:10     | a death drake changed into a cyclops
 15665 | D:10     | Noticed a glowing orange brain
 15665 | D:10     | a cyclops changed into a glowing orange brain
 15879 | D:10     | Killed a cyclops
 16131 | D:11     | Reached XP level 12. HP: 75/100 MP: 16/16
 16619 | D:11     | Noticed a boulder beetle
 16631 | D:11     | Killed a boulder beetle
 16631 | D:11     | Received a gift from Okawaru
 16934 | D:11     | Found a staircase to the Lair.
 17332 | D:11     | You fall into a shaft and drop 3 floors!
 17376 | D:13     | Noticed a centaur warrior
 17488 | D:12     | Found the +10 Black Knight's barding {ponderous, rPois rN+}
 18023 | D:12     | Identified the +6 arbalest of the Vestibule of Hell {elec,
                  | Will+} (Okawaru gifted it to you on level 12 of the
                  | Dungeon)
 18023 | D:12     | Received a gift from Okawaru
 18613 | D:12     | Noticed an eight-headed hydra
 18619 | D:11     | Noticed a seven-headed hydra
 18639 | D:11     | Killed a seven-headed hydra
 18980 | D:11     | Noticed a two-headed ogre
 18995 | D:11     | Killed a two-headed ogre
 19846 | D:12     | Reached skill level 15 in Fighting
 19846 | D:12     | Reached XP level 13. HP: 81/115 MP: 14/17
 19992 | D:12     | Noticed a five-headed hydra
 20020 | D:12     | Killed a five-headed hydra
 20585 | D:13     | Noticed a centaur warrior
 20592 | D:13     | Noticed a centaur warrior
 20606 | D:13     | Killed a centaur warrior
 20618 | D:13     | Killed a centaur warrior
 20618 | D:13     | Identified the +6 demon whip of Destruction {vamp, rN+
                  | Int+3} (Okawaru gifted it to you on level 13 of the
                  | Dungeon)
 20618 | D:13     | Received a gift from Okawaru
 20621 | D:13     | Reached ****** piety under Okawaru
 20777 | D:13     | Killed a centaur warrior
 21191 | D:13     | Noticed a seven-headed hydra
 21206 | D:13     | Killed a seven-headed hydra
 21985 | D:14     | Received a gift from Okawaru
 22022 | D:14     | Reached skill level 10 in Invocations
 22318 | D:14     | Reached XP level 14. HP: 123/123 MP: 15/21
 22530 | D:14     | Identified the +7 giant club "Qysolak" {flame, rCorr Str+3
                  | Dex-2} (Okawaru gifted it to you on level 14 of the
                  | Dungeon)
 22530 | D:14     | Received a gift from Okawaru
 22598 | D:14     | Found a gate to the Vaults.
 22799 | D:14     | Found a runed translucent gate.
 22800 | D:14     | Found a runed translucent gate.
 22800 | D:14     | Noticed an acid blob
 22801 | D:14     | Found a runed translucent gate.
 22802 | D:14     | Noticed a quicksilver ooze
 22804 | D:14     | Noticed an acid blob
 22804 | D:14     | Noticed NoAnimeNoLife's ghost (journeyman FoFi)
 23143 | D:14     | Found a viscous altar of Jiyva.
 23176 | D:15     | Entered Level 15 of the Dungeon
 23258 | D:15     | Identified Roxanne's Almanac of Transmigration
 23258 | D:15     | Noticed Roxanne
 23616 | D:15     | Reached skill level 15 in Maces & Flails
 23617 | D:15     | Received a gift from Okawaru
 24831 | D:15     | Found a staircase to the Depths.
 25079 | Lair:1   | Entered Level 1 of the Lair of Beasts
 25341 | Lair:1   | Identified the +6 morningstar of Radicalism {freeze,
                  | +Blink} (Okawaru gifted it to you on level 1 of the Lair of
                  | Beasts)
 25341 | Lair:1   | Received a gift from Okawaru
 25398 | Lair:1   | Found a glowing golden altar of the Shining One.
 25883 | Lair:2   | Reached XP level 15. HP: 111/131 MP: 22/22
 26197 | Lair:2   | Received a gift from Okawaru
 26249 | Lair:2   | Found the +3 pair of seven-league boots {Rampage+∞}
 26370 | Lair:2   | Found a hole to the Spider Nest.
 27665 | Lair:3   | Received a gift from Okawaru
 28289 | Lair:4   | Found a staircase to the Swamp.
 29246 | Lair:5   | You fall into a shaft and drop 1 floor!
 29246 | Lair:6   | Entered Level 6 of the Lair of Beasts
 29319 | Lair:6   | Found a dark tunnel.
 29329 | Volcano  | Entered a volcano
 29628 | Volcano  | Found a burning altar of Makhleb.
 29662 | Volcano  | Received a gift from Okawaru
 29914 | Arena    | Entered the Arena
 29967 | Lair:5   | Reached XP level 16. HP: 84/138 MP: 17/23
 30198 | Lair:5   | Noticed Urug
 30227 | Lair:5   | Killed Urug
 31115 | Lair:6   | Found a staircase to the Slime Pits.
 31308 | Lair:6   | Identified the +8 scimitar of Evil {vorpal, +Blink}
 31955 | Lair:6   | Reached skill level 10 in Dodging
 31955 | Lair:6   | Reached skill level 10 in Shields
 31955 | Lair:6   | Reached XP level 17. HP: 144/144 MP: 24/24
 32295 | D:6      | Bought a +0 tower shield for 58 gold pieces
 32518 | D:1      | Bought the +6 plate armour "Yklo" {rElec rCorr} for 1016
                  | gold pieces
 32615 | D:5      | Bought a glowing scarf for 144 gold pieces
 32615 | D:5      | Bought a glowing scarf for 144 gold pieces
 32721 | Orc:1    | Entered Level 1 of the Orcish Mines
 32728 | Orc:1    | Noticed Josephine
 32737 | Orc:1    | Killed Josephine
 32756 | Orc:1    | Received a gift from Okawaru
 32822 | Orc:1    | Noticed Harold
 32835 | Orc:1    | Killed Harold
 32947 | Orc:2    | Entered Level 2 of the Orcish Mines
 33073 | Orc:2    | Found a staircase to the Elven Halls.
 33499 | Orc:2    | Received a gift from Okawaru
 33561 | Orc:2    | Received a gift from Okawaru
 33600 | Orc:2    | Found Yluamuf's Distillery.
 33600 | Orc:2    | Found Keguc's Antique Weapon Boutique.
 33601 | Orc:2    | Found Orinliol's Distillery.
 33601 | Orc:2    | Found Cylofus's Armour Emporium.
 33630 | Orc:2    | Bought a +2 cloak of willpower for 236 gold pieces
 33640 | Orc:2    | Bought a potion of cancellation for 112 gold pieces
 33640 | Orc:2    | Bought a potion of invisibility for 112 gold pieces
 33640 | Orc:2    | Bought 2 potions of mutation for 224 gold pieces
 33640 | Orc:2    | Bought a potion of heal wounds for 70 gold pieces
 34051 | Orc:1    | Found a transporter.
 34166 | Elf:1    | Entered Level 1 of the Elven Halls
 34247 | Elf:1    | Found Zejyreh's General Store.
 34291 | Elf:1    | Reached skill level 10 in Armour
 34311 | Elf:1    | Identified the +0 robe of Freedom {rN+} (Okawaru gifted it
                  | to you on level 1 of the Elven Halls)
 34311 | Elf:1    | Received a gift from Okawaru
 34590 | Elf:1    | Reached XP level 18. HP: 151/151 MP: 23/25
 36050 | Elf:2    | Received a gift from Okawaru
 36311 | Elf:2    | Found a crumbling gateway.
 36527 | Elf:2    | Found a runed translucent gate.
 36527 | Elf:2    | Found a runed translucent gate.
 36528 | Elf:2    | Found a runed translucent gate.
 36570 | Elf:2    | Reached skill level 15 in Shields
 36858 | Elf:3    | Entered Level 3 of the Elven Halls
 36905 | Elf:3    | Found a shimmering blue altar of Sif Muna.
 36934 | Elf:3    | Noticed a deep elf master archer
 38147 | Swamp:1  | Entered Level 1 of the Swamp
 38364 | Swamp:1  | Found a runed translucent door.
 38368 | Swamp:1  | Noticed Ogauff's ghost (journeyman FeFi)
 38760 | Swamp:1  | Identified the +8 chain mail "Ciurchav" {rPois} (Okawaru
                  | gifted it to you on level 1 of the Swamp)
 38760 | Swamp:1  | Received a gift from Okawaru
 39152 | Swamp:2  | Reached XP level 19. HP: 158/159 MP: 26/26
 40586 | Swamp:4  | Entered Level 4 of the Swamp
 41031 | Spider:1 | Entered Level 1 of the Spider Nest
 41041 | Spider:1 | Noticed Jorgrun
 41068 | Lair:2   | Killed Jorgrun
 41848 | Spider:1 | Reached skill level 1 in Evocations
 42276 | Spider:1 | Identified the +1 pair of gloves "Qatret" {rElec} (Okawaru
                  | gifted it to you on level 1 of the Spider Nest)
 42276 | Spider:1 | Received a gift from Okawaru
 42757 | Spider:2 | Noticed Frances
 42797 | Spider:2 | Killed Frances
 42916 | Spider:2 | Reached skill level 5 in Evocations
 43024 | Spider:2 | Reached XP level 20. HP: 165/170 MP: 24/27
 44206 | Spider:3 | Identified the +2 robe of an ossuary {+Blink} (Okawaru
                  | gifted it to you on level 3 of the Spider Nest)
 44206 | Spider:3 | Received a gift from Okawaru
 44225 | Spider:3 | Noticed Louise
 44235 | Abyss:3  | Cast into level 3 of the Abyss (Louise)
 44397 | Arena    | Entered the Arena
 45141 | Spider:3 | Escaped the Abyss
 45152 | Spider:3 | Killed Louise
 45728 | Spider:3 | Noticed Arachne
 45767 | Spider:3 | Killed Arachne
 46138 | Spider:3 | Received a gift from Okawaru
 46138 | Spider:3 | Found the +0 staff of Battle
 46619 | Spider:4 | Entered Level 4 of the Spider Nest
 47016 | D:1      | Bought the ring "Adduarph" {Fly rF+} for 378 gold pieces
 47378 | Spider:4 | Noticed Nikola
 47399 | Spider:4 | Killed Nikola
 49025 | Spider:4 | Reached XP level 21. HP: 134/177 MP: 28/28
 49059 | Spider:4 | Identified the +1 robe of Calculation {rC++} (Okawaru
                  | gifted it to you on level 4 of the Spider Nest)
 49059 | Spider:4 | Received a gift from Okawaru
 49243 | Spider:4 | Reached skill level 15 in Armour
 49678 | Spider:4 | Got a gossamer rune of Zot
 49682 | Spider:4 | Identified the +1 pair of gloves of Fedhas's Hope {rC+
                  | Str+3}
 50073 | Swamp:4  | Noticed the 27-headed Lernaean hydra
 50091 | Swamp:4  | Killed the 27-headed Lernaean hydra
 50626 | Swamp:4  | Got a decaying rune of Zot
 50982 | Vaults:1 | Entered Level 1 of the Vaults
 51374 | Vaults:1 | Reached skill level 15 in Dodging
 51815 | Vaults:1 | Identified the +2 robe of Honesty {rC+ Str+3 Int-3}
                  | (Okawaru gifted it to you on level 1 of the Vaults)
 51815 | Vaults:1 | Received a gift from Okawaru
 53216 | Vaults:2 | Noticed Sojobo
 53248 | Vaults:2 | Reached XP level 22. HP: 138/184 MP: 23/29
 53265 | Vaults:2 | Killed Sojobo
 53357 | Vaults:2 | Noticed Margery
 53398 | Vaults:2 | Killed Margery
 53736 | Vaults:2 | Identified the +0 pair of gloves of Akyim {Int+4} (Okawaru
                  | gifted it to you on level 2 of the Vaults)
 53736 | Vaults:2 | Received a gift from Okawaru
 54652 | Vaults:2 | Found a staircase to the Crypt.
 54652 | Vaults:2 | Found an ancient bone altar of Kikubaaqudgha.
 54653 | Vaults:2 | Found a basalt altar of Yredelemnul.
 54936 | Vaults:3 | Noticed an ancient lich
 54961 | Vaults:3 | Killed an ancient lich
 55242 | Vaults:3 | Received a gift from Okawaru
 56082 | Vaults:3 | Reached XP level 23. HP: 192/192 MP: 30/30
 56526 | Vaults:4 | Found Datagam's Armour Emporium.
 56588 | Vaults:4 | Found Cele's Weapon Shoppe.
 56590 | Vaults:4 | Found a flickering gateway to a bazaar.
 56599 | Bazaar   | Entered a bazaar
 56599 | Bazaar   | Found Jeses's Antique Armour Shoppe.
 56610 | Bazaar   | Found Qavag Ribawk's Weapon Shop.
 56642 | Bazaar   | Found Ellod's Armour Shoppe.
 56655 | Bazaar   | Found Kodgh's Antique Weapon Shop.
 56661 | Bazaar   | Bought a brightly glowing dire flail for 288 gold pieces
 56661 | Bazaar   | Identified the +6 dire flail "Ymaptug" {elec, Will+ Str+4}
                  | (You bought it in a shop in a bazaar)
 56662 | Bazaar   | Identified a scroll of acquirement
 56806 | Vaults:4 | Noticed Bai Suzhen
 56829 | Vaults:4 | Killed Bai Suzhen
 56869 | Vaults:4 | Received a gift from Okawaru
 57287 | Vaults:4 | Found Geag's Armour Shop.
 57460 | Vaults:4 | Received a gift from Okawaru
 58187 | Elf:3    | Found Zoisac's General Store.
 58417 | Elf:3    | Found an ancient bone altar of Kikubaaqudgha.
 59433 | Elf:3    | Identified the +5 great sword "Negh" {protect, rElec Dex+6}
 59501 | Elf:3    | Identified the ring "Jesosu" {MP+9 Str+6 Dex+4}
 59806 | Elf:3    | Received a gift from Okawaru
 59807 | Elf:3    | Identified the +0 shortbow of Zappman123's Peril {speed,
                  | rC++}
 59826 | Elf:3    | Identified the +1 shortbow "Xiges" {freeze, rElec rN+}
 59834 | Elf:3    | Found the +3 warlock's mirror {reflect}
 59839 | Elf:3    | Got the Disquisition on Ice and Calling
 59842 | Elf:3    | Got Lehas's Tome of the Dusty Blaze
 59871 | Elf:3    | Got Duzock's Second Course in Spellweaving
 60269 | Crypt:1  | Entered Level 1 of the Crypt
 60377 | Crypt:1  | Reached XP level 24. HP: 200/204 MP: 30/30
 60911 | Arena    | Entered the Arena
 61986 | Crypt:2  | HP: 19/196 [??? (17)]
 61987 | Crypt:2  | HP: 9/196 [??? (7)]
 62555 | Crypt:2  | Received a gift from Okawaru
 63440 | Crypt:3  | Entered Level 3 of the Crypt
 63493 | Crypt:3  | Noticed Grunn
 63541 | Crypt:3  | Noticed Vv
 63827 | Depths:1 | Entered Level 1 of the Depths
 63889 | Depths:1 | Identified the +3 chain mail "Ebienneshre" {rElec rPois
                  | rC++ Int-5} (Okawaru gifted it to you on level 1 of the
                  | Depths)
 63889 | Depths:1 | Received a gift from Okawaru
 64216 | Orc:2    | Bought 2 potions of resistance for 320 gold pieces
 64216 | Orc:2    | Bought a potion of curing for 48 gold pieces
 64216 | Orc:2    | Bought a potion of might for 64 gold pieces
 64216 | Orc:2    | Bought a potion of curing for 48 gold pieces
 64216 | Orc:2    | Bought a potion of curing for 48 gold pieces
 64282 | Elf:1    | Bought a potion of curing for 54 gold pieces
 64282 | Elf:1    | Bought a potion of curing for 54 gold pieces
 64349 | Orc:2    | Bought a potion of resistance for 140 gold pieces
 64349 | Orc:2    | Bought a potion of ambrosia for 112 gold pieces
 64416 | Elf:1    | Bought a phial of floods for 720 gold pieces
 64937 | Depths:1 | Found a one-way gateway to a ziggurat.
 65057 | Depths:1 | Found a gateway to Hell.
 65196 | Depths:1 | Found a blossoming altar of Fedhas.
 65416 | Depths:1 | Noticed a juggernaut
 65449 | Depths:1 | Killed a juggernaut
 65704 | Depths:2 | Noticed a caustic shrike
 65704 | Depths:2 | Noticed a caustic shrike
 65704 | Depths:2 | Noticed a caustic shrike
 65704 | Depths:2 | Noticed a caustic shrike
 65704 | Depths:2 | Noticed a caustic shrike
 65715 | Depths:1 | Killed a caustic shrike
 65716 | Depths:1 | Reached XP level 25. HP: 188/214 MP: 24/30
 65726 | Depths:1 | Killed a caustic shrike
 65739 | Depths:2 | Killed a caustic shrike
 65739 | Depths:2 | Received a gift from Okawaru
 65745 | Depths:2 | Killed a caustic shrike
 65750 | Depths:2 | Killed a caustic shrike
 66257 | Depths:2 | Noticed an ancient lich
 66281 | Depths:2 | Killed an ancient lich
 66461 | Depths:2 | Got the Compendium of Transmutation and Venom
 66565 | Depths:2 | Noticed Aizul
 66573 | Depths:2 | Killed Aizul
 67452 | Depths:2 | Noticed a caustic shrike
 67459 | Depths:2 | Killed a caustic shrike
 67704 | Depths:2 | Noticed a juggernaut
 67714 | Depths:2 | Killed a juggernaut
 67714 | Depths:2 | Received a gift from Okawaru
 67868 | Depths:2 | Noticed Asterion
 67896 | Depths:2 | Killed Asterion
 68443 | Depths:2 | Found a one-way gate leading to the halls of Pandemonium.
 68492 | Depths:3 | Noticed Saint Roka
 68497 | Depths:3 | Killed Saint Roka
 68522 | Depths:3 | Reached XP level 26. HP: 93/224 MP: 26/30
 69063 | Depths:2 | Received a gift from Okawaru
 69994 | Depths:3 | Identified the +4 leather armour of Okawaru's Inspiration
                  | {+Inv rF++ Dex-3}
 70055 | Depths:3 | Identified the +6 lajatang of Unavueb {vorpal, Will+ rCorr
                  | MP+9} (Okawaru gifted it to you on level 3 of the Depths)
 70055 | Depths:3 | Received a gift from Okawaru
 70549 | Depths:3 | Found a one-way gate to the infinite horrors of the Abyss.
 70681 | Depths:3 | Identified the ring "Ocikut" {rF+ rN+ AC+4 Str-3 Int+3}
 70682 | Depths:3 | Got the Almanac of Excruciating Calling
 70961 | Depths:4 | Entered Level 4 of the Depths
 71348 | Depths:4 | Identified the +1 pair of boots of Omission {Rampage rC+
                  | Int+3} (Okawaru gifted it to you on level 4 of the Depths)
 71348 | Depths:4 | Received a gift from Okawaru
 71424 | Depths:4 | Found a gate to the Realm of Zot.
 71588 | Depths:4 | Found a runed translucent door.
 71591 | Depths:4 | Found a radiant altar of Vehumet.
 71593 | Depths:4 | Noticed an ancient lich
 71647 | Depths:4 | Found Pijue's Antique Weapon Boutique.
 71804 | Depths:4 | Found a portal to a secret trove of treasure.
 71868 | Depths:4 | Reached XP level 27. HP: 202/231 MP: 30/30
 71989 | Depths:4 | Found a sacrificial altar of Ru.
 72642 | Vaults:5 | Entered Level 5 of the Vaults
 73116 | Vaults:5 | Identified the +0 cloak "Bainn" {rC+} (Okawaru gifted it to
                  | you on level 5 of the Vaults)
 73116 | Vaults:5 | Received a gift from Okawaru
 73456 | Vaults:5 | Got a silver rune of Zot
 73655 | Vaults:5 | Identified the +4 war axe of Debt {flame, rElec rCorr}
 73686 | Vaults:5 | Found Poreih's General Store.
 73787 | Vaults:5 | Identified the +7 quarterstaff "Rillara" {vamp, rC+}
 73787 | Vaults:5 | Identified the ring "Dapt" {rN+ Int+3}
 74301 | Vaults:5 | Bought a scroll of immolation for 59 gold pieces
 75221 | Crypt:3  | Killed Vv
 75652 | Arena    | Entered the Arena
 75667 | Arena    | Identified the +5 ring mail of the Wild Haggis {rCorr
                  | Dex+2} (Okawaru gifted it to you in the Arena)
 75667 | Arena    | Received a gift from Okawaru
 75702 | Crypt:3  | Killed Grunn
 75975 | Crypt:3  | Identified the ring of Hacag {rF- rN+ Will+++ Str-2 Int+8}
 76094 | Crypt:3  | Found the +8 Vampire's Tooth {vamp}
 76678 | Crypt:3  | Identified the ring "Igevol" {rPois rC- rN+ Int-3 Dex+4}
 76990 | Crypt:3  | Found a staircase to the Tomb.
 77107 | Crypt:3  | Noticed an ancient lich
 77107 | Crypt:3  | Noticed a dread lich
 77111 | Crypt:3  | Identified the ring of Xom's Ringing Laughter {rC- rN+ MP+9
                  | Str+7 Int+3}
 77112 | Crypt:3  | Noticed a dread lich
 77124 | Crypt:3  | Killed a dread lich
 77125 | Crypt:3  | Reached skill level 10 in Evocations
 77133 | Crypt:3  | Killed an ancient lich
 77144 | Crypt:3  | Killed a dread lich
 77194 | Crypt:3  | Identified the +4 flail "Nuiruona" {drain, rElec rPois rF-
                  | Int+3}
 77464 | Crypt:3  | Acquired 807 gold pieces
 77881 | D:7      | Killed qborf's ghost
 78042 | D:10     | Gained mutation: You do not regenerate when monsters are
                  | visible. [a neqoxec]
 78051 | D:10     | Gained mutation: You occasionally lose the ability to drink
                  | potions when taking damage. [a neqoxec]
 78058 | D:10     | Lost mutation: Armour fits poorly on your strangely shaped
                  | body. [potion of mutation]
 78058 | D:10     | Lost mutation: Your system is resistant to poisons. (rPois)
                  | [potion of mutation]
 78058 | D:10     | Lost mutation: You occasionally lose the ability to drink
                  | potions when taking damage. [potion of mutation]
 78058 | D:10     | Gained mutation: You are dopey. (Int -2) [potion of
                  | mutation]
 78058 | D:10     | Lost mutation: You are dopey. (Int -2) [potion of mutation]
 78058 | D:10     | Gained mutation: You are weak. (Str -2) [potion of
                  | mutation]
 78058 | D:10     | Gained mutation: You have sharp fingernails. [potion of
                  | mutation]
 78059 | D:10     | Lost mutation: You have sharp fingernails. [potion of
                  | mutation]
 78059 | D:10     | Lost mutation: You do not regenerate when monsters are
                  | visible. [potion of mutation]
 78059 | D:10     | Gained mutation: You are agile. (Dex +4, Str/Int -1)
                  | [potion of mutation]
 78059 | D:10     | Gained mutation: Your mind is acute. (Int +4, Str/Dex -1)
                  | [potion of mutation]
 78278 | D:14     | Killed NoAnimeNoLife's ghost
 78463 | D:15     | Killed Roxanne
 78742 | Swamp:1  | Killed Ogauff's ghost
 79095 | Orc:1    | Found a transporter.
 79095 | Orc:1    | Found a runed translucent door.
 79095 | Orc:1    | Found a bloodstained altar of Trog.
 79095 | Orc:1    | Found the +8 Wrath of Trog {antimagic, *Rage Rampage}
 79095 | Orc:1    | Found the +8 demon blade "Leech" {vamp, Harm Drain rN+}
 79143 | Orc:1    | Identified the +1 plate armour of Beauty {rElec Regen+
                  | Int+3}
 79688 | Elf:2    | Identified the +6 plate armour "Oravez" {Harm rC+} (Okawaru
                  | gifted it to you on level 2 of the Elven Halls)
 79688 | Elf:2    | Received a gift from Okawaru
 80211 | Depths:4 | Killed an ancient lich
 80254 | Depths:4 | Got Juywkex's Grimoire of Attacks
 80291 | Zot:1    | Entered Level 1 of the Realm of Zot
 80791 | Zot:4    | Found a huge runed gate.
 80791 | Zot:4    | Found a huge runed gate.
 80791 | Zot:4    | Found a huge runed gate.
 80792 | Zot:4    | Found a huge runed gate.
 80792 | Zot:4    | Found a huge runed gate.
 80792 | Zot:4    | Found a huge runed gate.
 80792 | Zot:4    | Found a huge runed gate.
 80792 | Zot:4    | Found a huge runed gate.
 80793 | Zot:4    | Found a huge runed gate.
 80794 | Zot:4    | Found a huge runed gate.
 80795 | Zot:4    | Found a huge runed gate.
 80796 | Zot:4    | Found a huge runed gate.
 80797 | Zot:4    | Found a huge runed gate.
 80798 | Zot:4    | Found a huge runed gate.
 80799 | Zot:4    | Found a huge runed gate.
 80814 | Zot:4    | Reached skill level 15 in Invocations
 80822 | Zot:4    | Found a huge runed gate.
 81217 | Zot:5    | Entered Level 5 of the Realm of Zot
 81532 | Zot:5    | Found a runed translucent door.
 81535 | Zot:5    | Noticed Iruirgha's ghost (veteran OpFi)
 81612 | Zot:5    | Identified the +0 tower shield of Existentialism {rCorr
                  | Str+3} (Okawaru gifted it to you on level 5 of the Realm of
                  | Zot)
 81612 | Zot:5    | Received a gift from Okawaru
 82072 | Zot:5    | Noticed a Killer Klown
 82087 | Zot:5    | Noticed a dread lich
 82103 | Zot:5    | Killed a dread lich
 82110 | Zot:5    | Killed a Killer Klown
 82138 | Zot:5    | Noticed a Killer Klown
 82141 | Zot:5    | Noticed a Killer Klown
 82146 | Zot:5    | Noticed an orb of fire
 82147 | Arena    | Entered the Arena
 82153 | Arena    | Gained mutation: Your magical capacity is low. (-10% MP)
                  | [an orb of fire]
 82161 | Arena    | Killed an orb of fire
 82179 | Zot:5    | Killed a Killer Klown
 82180 | Zot:5    | Reached skill level 15 in Evocations
 82190 | Zot:5    | Killed a Killer Klown
 82193 | Zot:5    | Noticed an orb of fire
 82196 | Zot:5    | Noticed an orb of fire
 82208 | Zot:5    | Lost mutation: You are weak. (Str -2) [an orb of fire]
 82209 | Zot:5    | Killed an orb of fire
 82215 | Zot:5    | Killed an orb of fire
 82608 | Zot:5    | Got the Orb of Zot
 82628 | Zot:5    | Received a gift from Okawaru
 82907 | D:15     | Gained mutation: Your body sometimes deteriorates upon
                  | taking damage. [a cacodemon]
 83092 | D:9      | Noticed Akkin the pandemonium lord
 83107 | D:9      | Killed Akkin the pandemonium lord
 83398 | D:$      | Escaped with the Orb!

Illustrated notes

Levels and vault maps discovered:
D:1:      zaba_arrival_water, layout_basic,
          dreamdust_ecumenical_altar_sealed_demon, serial_shops,
          nicolae_shop_hallway_plus, nicolae_shop_statue_plus, shop_fountains,
          nicolae_square_shop
D:2:      layout_basic, uniq_sigmund
D:3:      minmay_goblin_kobold_castle, layout_basic, okawaru_altar_gauntlet_db,
          uniq_ijyb
D:4:      layout_gridville, chequers_big_river, uniq_duvessa
D:5:      minmay_diamond_boxcup, layout_basic, temple_hall_moat,
          minmay_shop_grid_forest, uniq_prince_ribbit1
D:6:      layout_loops_corners, nicolae_inconvenience_store
D:7:      layout_loops_cross, grunt_temple_overflow_open, ebering_ghost_xom
D:8:      layout_basic, gammafunk_temple_overflow_statue, uniq_pikel
D:9:      layout_layer_cave, nicolae_sif_muna_condensation,
          mainiacjoe_overflow_chevrons, orc_0_dummy, special_room
          [special_room_orc], uniq_gastronok
D:10:     layout_irregular_city, gammafunk_temple_overflow_arena, kb_rosetta,
          uniq_lodul
D:11:     layout_basic, erik_lair_island
D:12:     layout_irregular_city, minmay_shattered_shrine
D:13:     layout_basic
D:14:     wander_river, layout_irregular_city, erik_vaults_1,
          gammafunk_ghost_ooze, serial_shops, bzr_entry_gold
D:15:     grunt_enter_depths_hoard, layout_gridville,
          hangedman_decor_diamond_cutter, uniq_roxanne
Lair:1:   layout_regular_city, basic_altar
Lair:2:   layout_loops_ring, spider_nest_entry_rubble,
          hellmonk_guarded_unrand_seven_league_boots
Lair:3:   layout_gridlike, nicolae_quartered_pool_impasse
Lair:4:   layout_gridlike, nicolae_swamp_entry_splash_gauntlet
Lair:5:   layout_roguey, infiniplex_staircase_pool, lemuel_fruit_fields,
          uniq_urug
Lair:6:   gammafunk_lair_ancient_temple, layout_cave_pods, slime_entry_1,
          lightli_volcano_entry_magma_tube
Swamp:1:  layout_basic_swamp, ebering_ghost_reflecting_pool,
          evilmike_swamp_ruin_house_6
Swamp:2:  layout_basic_swamp, nicolae_swamp_triple_paths,
          cheibrodos_swamp_pet_leeches
Swamp:3:  layout_basic_swamp, nicolae_swamp_ascending_descending
Swamp:4:  swamp_old_school, layout_basic_swamp
Spider:1: layout_spider_delve, guppyfry_hornet_nest, uniq_jorgrun
Spider:2: nicolae_spider_hilbert_zone_3 [nicolae_spider_hilbert_4_sides_2_open,
          nicolae_spider_hilbert_3_sides_1_open,
          nicolae_spider_hilbert_3_sides_1_open,
          nicolae_spider_hilbert_3_sides_1_open,
          nicolae_spider_hilbert_3_sides_1_open,
          nicolae_spider_hilbert_4_sides_1_open,
          nicolae_spider_hilbert_4_sides_1_open,
          nicolae_spider_hilbert_4_sides_1_open,
          nicolae_spider_hilbert_4_sides_1_open,
          nicolae_spider_hilbert_4_sides_1_open,
          nicolae_spider_hilbert_4_sides_1_open,
          nicolae_spider_hilbert_4_sides_1_open,
          nicolae_spider_hilbert_4_sides_1_open,
          nicolae_spider_hilbert_3_sides_1_open,
          nicolae_spider_hilbert_3_sides_1_open,
          nicolae_spider_hilbert_3_sides_1_open,
          nicolae_spider_hilbert_3_sides_1_open], uniq_frances
Spider:3: layout_chambers, uniq_arachne, uniq_louise
Spider:4: spider_rune_water, uniq_nikola
Orc:1:    emtedronai_trogs_sanctum, layout_diamond_mine, uniq_josephine,
          uniq_harold
Orc:2:    st_orc_ogre_mass, layout_diamond_mine, nicolae_orc_damp_corner
Elf:1:    elf_arrival_002, layout_geoelf_grid, serial_shops, nicolae_shop_stone,
          minmay_elf_demonology, hangedman_elf_represent
Elf:2:    elven_hall_of_blades_hangedman_original
          [nicolae_blade_entry_crossed_weapons], layout_geoelf_grid,
          portal_desolation_entry_twin_temple, drop_trap
Elf:3:    minmay_elf_hall_circle, layout_rooms, basic_altar, serial_shops, shop,
          lemuel_statue_altar, guppyfry_elf_garden
Vaults:1: v_misc_26, st_octagons_2, v_misc_13, v_misc_31,
          nicolae_vaults_alarming, v_misc_11, nicolae_vaults_theta,
          dpeg_vaults_monster_box, nicolae_vaults_specimen_jars,
          ontoclasm_vaults_ring_small, layout_vaults_omnigrid, serial_shops
Vaults:2: vaults_room_semicircle, vaults_mumra_minichess_inversion,
          vaults_room_pools, minmay_crypt_entry_necro_gods,
          nicolae_vaults_three_branches, st_spiral_rooms,
          vaults_mumra_minichess, layout_vaults_big_room, uniq_sojobo,
          uniq_margery
Vaults:3: grunt_vaults_funnel, vaults_room_semicircle,
          vaults_standard_mumra_lines, ontoclasm_vaults_gateway,
          ontoclasm_vaults_ring_large, nicolae_vaults_sealed_display,
          nicolae_vaults_puzzle_piece, ontoclasm_vaults_decontamination,
          ontoclasm_vaults_eye, ontoclasm_vaults_ring_large, v_misc_5,
          v_misc_14, nicolae_vaults_c_with_doors, layout_vaults_maze
Vaults:4: v_alt_pattern_1, v_alt_pattern_4, nicolae_vaults_ring_of_whatevers,
          nicolae_vaults_network_periphery, nicolae_vaults_network_square,
          nicolae_vaults_rhombus_5, v_pattern_5, v_misc_18, v_misc_9, v_misc_19,
          grunt_vaults_hallway_short, vaults_room_hallway,
          layout_vaults_omnicross, serial_shops, bzr_entry_water, shop,
          nicolae_shop_window_shopping, shop, uniq_bai_suzhen
Vaults:5: serial_shops
Crypt:1:  layout_regular_city
Crypt:2:  layout_chaotic_city, nicolae_crypt_twisting_catacombs, feat_on_display
Crypt:3:  david_glass_crypt, layout_chaotic_city, st_stairs_5,
          minmay_guarded_unrand_vampires_tooth, uniq_vv, uniq_grunn
Depths:1: evilmike_pillar_path, layout_cave_pools, enter_ziggurat_b,
          minmay_misc_feat_pillars, hell_entry, fedhas_altar_fruit_tree
Depths:2: kennysheep_snake, layout_long_grid, minmay_staircase_bubble,
          grunt_hell_entry_dis_mu, special_room [special_room_magic_class],
          rand_demon_pan_entry_4, uniq_aizul, uniq_asterion
Depths:3: minmay_the_grid_4x2 [minmay_the_grid_aliased_spiral,
          minmay_the_grid_box_x, minmay_the_grid_tri_star,
          minmay_the_grid_large_cup, minmay_the_grid_spin_star,
          minmay_the_grid_rooms, minmay_the_grid_doors,
          minmay_the_grid_prize_shrinking_boxes], layout_cave_pools,
          serial_column_ruins, column_ruins_hut_pillars, column_ruins_hut,
          column_ruins_open_tiny, column_ruins_open_small,
          column_ruins_columns_T, column_ruins_open_medium, column_ruins_grid_4,
          abyss_entry, grunt_metal_band, evilmike_ambush
          [evilmike_ambush_outer_pillars, evilmike_ambush_inner_basic],
          uniq_saint_roka, uniq_josephina
Depths:4: grunt_crosshair, layout_gridville, pf_hell_entry_tar_spiral,
          nicolae_ru_the_path_less_chosen, enter_trove_3,
          rand_demon_pan_entry_5, serial_shops, shop, kennysheep_doodads,
          grunt_absolute_annihilation
Zot:1:    layout_basic, hangedman_zot_wheel_spokes
Zot:2:    layout_cathedral_of_symmetry, gammafunk_ghost_split,
          st_large_dragon_hoard_3
Zot:3:    layout_basic
Zot:4:    layout_cathedral_of_symmetry, door_vault
Zot:5:    layout_twisted_circle, hellmonk_ghost_big_iron

Skill      XL: |  1  2  3  4  5  6  7  8  9 10 11 12 13 14 15 16 17 18 19 20 21 22 23 24 25 26 27 |
---------------+----------------------------------------------------------------------------------+-----
Maces & Flails | 3 4 5 6 7 8 10 11 12 14 16 18 19 20 21 22 | 22.0
Fighting       | 4 5 6 7 8 9 11 15 16 18 20 21 22 | 22.0
Invocations    | 3 4 6 10 18 | 18.0
Armour         | 4 6 7 8 10 12 14 16 18 19 20 22 | 22.0
Shields        | 5 6 8 10 12 16 18 19 22 | 22.0
Dodging        | 2 6 8 10 11 12 14 15 16 18 22 | 22.0
Evocations     | 5 8 17 | 17.6

Action                   |  1- 3 |  4- 6 |  7- 9 | 10-12 | 13-15 | 16-18 | 19-21 | 22-24 | 25-27 || total
-------------------------+-------+-------+-------+-------+-------+-------+-------+-------+-------++-------
Melee: Flail             |    70 |    43 |       |       |       |       |       |       |       ||   113
       Whip              |       |    88 |   410 |   730 |   103 |       |       |       |       ||  1331
       Morningstar       |       |       |       |     4 |       |       |       |       |       ||     4
       Demon whip        |       |       |       |       |  1012 |  1156 |  2393 |  1689 |  1078 ||  7328
       Great mace        |       |       |       |       |       |       |       |   383 |   557 ||   940
       Dire flail        |       |       |       |       |       |       |       |    53 |  1102 ||  1155
Throw: Dart              |       |       |    19 |    56 |       |       |       |       |       ||    75
       Throwing net      |       |       |       |       |       |     2 |     8 |     1 |     3 ||    14
Invok: Heroism           |       |       |       |     9 |    24 |    20 |    25 |    26 |    34 ||   138
       Finesse           |       |       |       |     3 |    10 |     5 |     8 |     8 |    17 ||    51
       Duel              |       |       |       |       |     1 |       |     1 |     1 |     2 ||     5
 Abil: Dig               |     4 |       |       |     2 |     1 |       |     1 |     1 |     1 ||    10
Evoke: Wand              |       |       |     5 |     7 |     2 |       |     5 |     5 |    16 ||    40
       Lightning rod     |       |       |       |     4 |       |     3 |    12 |     5 |    16 ||    40
       Condenser vane    |       |       |       |       |       |       |     6 |     6 |    11 ||    23
       Tin of tremorston |       |       |       |       |       |       |       |     2 |    15 ||    17
       Phial of floods   |       |       |       |       |       |       |       |       |     2 ||     2
  Use: Potion            |       |     6 |     1 |     6 |     3 |     1 |    15 |     3 |    22 ||    57
       Scroll            |       |       |    11 |     7 |     2 |     4 |     2 |     9 |    16 ||    51
 Stab: Paralysed         |       |       |     3 |     6 |       |       |       |       |     5 ||    14
       Sleeping          |       |       |       |       |     2 |       |       |       |       ||     2
       Distracted        |       |       |       |       |     1 |       |       |       |       ||     1
       Petrified         |       |       |       |       |       |     1 |       |       |       ||     1
       Confused          |       |       |       |       |       |       |     5 |       |       ||     5
       Invisible         |       |       |       |       |       |       |     1 |       |       ||     1
       Held in net/web   |       |       |       |       |       |       |     2 |       |     2 ||     4
Armor: Scale mail        |    25 |    29 |    50 |    26 |       |       |       |       |       ||   130
       Robe              |       |       |       |    30 |   122 |    21 |       |       |       ||   173
       Skin              |       |       |       |    12 |       |       |       |       |       ||    12
       Plate armour      |       |       |       |       |       |   155 |   599 |   369 |   481 ||  1604
       Leather armour    |       |       |       |       |       |       |       |       |     3 ||     3
Dodge: Dodged            |    58 |    83 |   227 |   390 |   609 |   455 |   966 |   556 |   803 ||  4147
Block: Buckler           |    12 |    40 |   134 |   117 |   208 |    32 |       |       |       ||   543
       Tower shield      |       |       |       |       |       |   597 |  1897 |  1818 |  2416 ||  6728

Table legend: (Time is in decaauts)
 A = Elapsed time spent in this place.
 B = Non-inter-level travel time spent in this place.
 C = Inter-level travel time spent in this place.
 D = Time resting spent in this place.
 E = Time spent auto-exploring this place.
 F = Levels seen in this place.
 G = Mean time per level.
                   A        B        C        D        E       F      G
               +--------+--------+--------+--------+--------+-----+--------+
         Total |  78836 |  66446 |  12390 |  12236 |  39993 |  60 | 1313.9 |
       Dungeon |  28677 |  22680 |   5997 |   5760 |  12818 |  15 | 1911.8 |
          Lair |   7190 |   5785 |   1405 |    118 |   4704 |   6 | 1198.3 |
         Swamp |   3502 |   3026 |    476 |    396 |   1990 |   4 |  875.5 |
   Spider Nest |   6581 |   6140 |    441 |    678 |   4027 |   4 | 1645.2 |
  Orcish Mines |   1901 |   1329 |    572 |      0 |    815 |   2 |  950.5 |
   Elven Halls |   6008 |   5343 |    665 |   1359 |   2904 |   3 | 2002.7 |
        Vaults |   8389 |   6914 |   1475 |    679 |   4235 |   5 | 1677.8 |
         Crypt |   5614 |   5202 |    412 |    845 |   3416 |   3 | 1871.3 |
        Depths |   7389 |   6601 |    788 |    948 |   4220 |   4 | 1847.2 |
           Zot |   2205 |   2049 |    156 |    957 |    522 |   5 |  441.0 |
         Abyss |    796 |    796 |      0 |    466 |      0 |   2 |  398.0 |
        Bazaar |     73 |     73 |      0 |      0 |     58 |   1 |   73.0 |
       Volcano |    441 |    441 |      0 |     30 |    282 |   1 |  441.0 |
         Arena |     62 |     62 |      0 |      0 |      0 |   5 |   12.4 |
               +--------+--------+--------+--------+--------+-----+--------+

Top non-repeatable levels by time:
     D:3: 3084 daAuts
Depths:2: 2984 daAuts
     D:9: 2733 daAuts
    D:11: 2554 daAuts
   Elf:2: 2473 daAuts
Vaults:1: 2427 daAuts
    D:12: 2410 daAuts
Spider:4: 2255 daAuts
    D:15: 2059 daAuts
    D:14: 2035 daAuts
 Crypt:2: 1997 daAuts
 Crypt:3: 1986 daAuts
     D:6: 1967 daAuts
     D:5: 1965 daAuts
Depths:3: 1920 daAuts
